 Dungeon Crawl Stone Soup version 0.30.1-9-gdf580d7c3d (webtiles) character file.

Game seed: 3706133140146530742

2723 monsoonserge the Covered (level 10, -7/83 HPs)
             Began as a Meteoran Monk on Oct 18, 2023.
             Was an Elder of Zin.
             Mangled by an orc warrior
             ... wielding a +0 war axe
              (10 damage)
             ... in a bailey.
             The game lasted 00:25:11 (4440 turns).

monsoonserge the Covered (Meteoran Monk)            Turns: 4440, Time: 00:25:12

Health: -7/83      AC: 11    Str: 16    XL:     10   Next: 18%
Magic:  13/15      EV: 16    Int: 14    God:    Zin [****..]
Gold:   356        SH:  0    Dex: 22    Spells: 9/9 levels left

rFire   . . .        G - +2 long sword (freeze)
rCold   . . .        d - orb {light}
rNeg    . . .        e - +0 steam dragon scales
rPois   ∞            r - +1 helmet
rElec   .            K - +0 cloak
rCorr   .            C - +0 pair of gloves
SInv    .            (no boots)
Will    +....        (no amulet)
Stlth   +            (no ring)
HPRegen 0.33/turn    (no ring)
MPRegen 0.14/turn

%: no passive effects
@: vitalised, on recite cooldown, glowing
A: sense surroundings 2, otherworldly, glowing, explore regen
a: Renounce Religion, Recite, Vitalisation, Imprison, Donate Gold


You were in a bailey.
You worshipped Zin.
Zin was greatly pleased with you.
You visited 2 branches of the dungeon, and saw 9 of its levels.
You also visited: Bailey.

You collected 395 gold pieces.
You donated 39 gold pieces to Zin.

Inventory:

Hand Weapons
 g - a +1 dagger of freezing
 h - a +2 dagger of venom
 q - a +2 great sword
 A - a +2 dagger of speed
 G - a +2 long sword of freezing (weapon)
Missiles
 l - 2 datura-tipped darts
 F - 15 poisoned darts (quivered)
 L - 11 boomerangs
Armour
 d - an orb of light (worn)
 e - +0 steam dragon scales (worn)
 r - a +1 helmet (worn)
 z - a +0 chain mail
 C - a +0 pair of gloves (worn)
 K - a +0 cloak (worn)
Wands
 B - a wand of flame (14)
 E - a wand of mindburst (8)
Scrolls
 a - a scroll of identify
 b - a scroll of enchant weapon {unknown}
 j - a scroll of brand weapon {unknown}
 m - 3 scrolls of fog {unknown}
 o - 2 scrolls of vulnerability
 p - a scroll of poison {unknown}
 t - a scroll of enchant armour {unknown}
 u - a scroll of amnesia {unknown}
 x - a scroll of teleportation {unknown}
 y - 2 scrolls of immolation
 D - 2 scrolls of blinking {unknown}
 H - a scroll of magic mapping {unknown}
 J - 2 scrolls of torment {unknown}
Potions
 c - 3 potions of ambrosia
 f - a potion of might {unknown}
 i - 3 potions of curing
 k - a potion of heal wounds {unknown}
 n - 5 potions of degeneration
 s - a potion of haste {unknown}
 v - 2 potions of mutation
 w - a potion of lignification {unknown}
 I - a potion of cancellation


   Skills:
 + Level 6.1 Fighting
 + Level 6.1(7.2) Short Blades
 + Level 6.4(7.8) Long Blades
 + Level 2.0 Throwing
 - Level 7.7 Armour
 + Level 5.9 Dodging
 + Level 0.8 Stealth
 * Level 5.9 Invocations
 + Level 2.1 Evocations


You had 9 spell levels left.
You didn't know any spells.
Your spell library contained the following spells:

 Spells                   Type           Power      Damage    Failure   Level
 Apportation              Tloc           0%         N/A       28%         1
 Necrotise                Necr           0%         1d4       28%         1
 Summon Small Mammal      Summ           0%         N/A       28%         1
 Blink                    Tloc           0%         N/A       41%         2
 Lesser Beckoning         Tloc           0%         N/A       41%         2
 Momentum Strike          Conj/Tloc      0%         3d8       41%         2
 Manifold Assault         Tloc           0%         N/A       96%         4
 Storm Form               Tmut/Air       0%         N/A       100%        7


Dungeon Overview and Level Annotations

Branches:
Dungeon (8/15) Zot: 573    Temple (1/1) D:6 Zot: 587  Bailey (1/1) Zot: 510
   Lair: D:8-11

Altars:
Cheibriados
Dithmenos
Fedhas
Hepliaklqana
Qazlal
Ru
Sif Muna
Wu Jian
Yredelemnul
Zin
The Shining One

Shops:
D:1 (


Innate Abilities, Weirdness & Mutations

You passively map the area around you.
You are easily found by Zot.
You glow in the dark.
You regain HP and MP as you explore.


Message History

The orc warrior completely misses you. The orc warrior barely misses you.
You closely miss the orc warrior.
The orc warrior is moderately wounded.
The orc warrior splashes around in the water.
The orc warrior hits you with a +0 war axe!
You slash the orc warrior! You freeze the orc warrior.
The orc warrior is almost dead.
The orc warrior hits you with a +0 hand axe.
The orc warrior hits you with a +0 war axe!
Zin grants you divine stamina.
The orc warrior hits you with a +0 hand axe.
* * * LOW HITPOINT WARNING * * *
The orc warrior barely misses you.
You hit the orc warrior but do no damage.
The orc warrior is almost dead.
A kobold comes into view.
The orc warrior splashes around in the water.
The orc warrior hits you with a +0 war axe!
* * * LOW HITPOINT WARNING * * *
Unknown command.
You completely miss the orc warrior.
The orc warrior is severely wounded.
The orc warrior hits you with a +0 hand axe.
* * * LOW HITPOINT WARNING * * *
The orc warrior hits you but does no damage.
Unknown command.
It was a potion of degeneration.
There was something very wrong with that liquid.
Your divine stamina protects you from strength loss.
Your divine stamina protects you from intelligence loss.
Your divine stamina protects you from dexterity loss.
The orc warrior hits you with a +0 hand axe.
* * * LOW HITPOINT WARNING * * *
The orc warrior hits you with a +0 war axe!
* * * LOW HITPOINT WARNING * * *
It was a potion of cancellation.
You feel magically purged.
The orc warrior hits you with a +0 hand axe!
Zin protects you from harm!
The orc warrior hits you with a +0 war axe!
You die...

*,, +~ , ....#.....'... *,
....#.....'... , ~ ,
,,...o#..)..'...
.8.8##.)..#... . ~
,...?~#....##.. * ... *~ *
...}~#.....##. ,....###
#~~~##......##
,8......#########........#
.....Koo@(.).'....8..8..#
......g#o)†~~#..........#
*
8..8...#~~~~~#.........##
* ......##~~~~~##...8...##
* !....##.......##.....##
#?$.##.........##...## ~
#### ♣♣♣.....♣♣♣##### *
♣♣♣∩♣♣♣ * ♣♣♣


You could see 2 orc warriors, an orc, a goblin and a kobold.

Vanquished Creatures
  Maurice (D:8)
  2 steam dragons
  4 orc warriors
  An ice beast (D:6)
  A centaur (D:5)
  A phantom (D:5)
  7 bullfrogs
  2 scorpions
  4 wights
  5 howler monkeys
  3 hounds
  3 jellies
  An iguana (D:7)
  3 orc wizards
  Robin (D:3)
  4 gnolls
  6 adders
  A shadow imp (D:7)
  A white imp (D:5)
  An ufetubus (D:5)
  3 worms
  A dart slug (D:1)
  28 orcs
  8 endoplasms
  A giant cockroach (D:3)
  15 goblins
  11 hobgoblins
  7 jackals
  9 kobolds
  4 quokkas
  9 ball pythons
  7 bats
  2 frilled lizards
  8 rats
165 creatures vanquished.

Notes
Turn   | Place    | Note
-------+----------+-------------------------------------------
     0 | D:1      | monsoonserge the Meteoran Monk began the quest for the Orb.
     0 | D:1      | Reached XP level 1. HP: 19/19 MP: 2/2
   148 | D:1      | Reached XP level 2. HP: 26/26 MP: 3/3
   313 | D:1      | Found Imis's Weapon Boutique.
   466 | D:1      | Reached XP level 3. HP: 32/33 MP: 4/4
   496 | D:1      | Glimpsed the power of Zot.
   545 | D:1      | Glimpsed the power of Zot.
   563 | D:2      | Found a faded altar of an unknown god.
   680 | D:2      | Reached XP level 4. HP: 37/40 MP: 5/5
   750 | D:2      | Reached skill level 1 in Armour
  1036 | D:3      | Found a shimmering blue altar of Sif Muna.
  1272 | D:3      | Reached XP level 5. HP: 46/46 MP: 6/6
  1283 | D:3      | Found a snail-covered altar of Cheibriados.
  1338 | D:3      | Noticed Robin
  1352 | D:3      | Killed Robin
  1358 | D:3      | Reached skill level 1 in Evocations
  1435 | D:3      | Found a sacrificial altar of Ru.
  1444 | D:3      | Found a shadowy altar of Dithmenos.
  1477 | D:3      | Found a basalt altar of Yredelemnul.
  1484 | D:3      | Reached skill level 1 in Short Blades
  1684 | D:4      | Reached skill level 2 in Armour
  1684 | D:4      | Reached XP level 6. HP: 48/53 MP: 7/7
  1769 | D:4      | Reached skill level 3 in Armour
  2194 | D:5      | Entered Level 5 of the Dungeon
  2276 | D:5      | Reached skill level 4 in Armour
  2276 | D:5      | Reached XP level 7. HP: 50/60 MP: 8/8
  2376 | D:5      | Found a glowing silver altar of Zin.
  2395 | D:5      | Became a worshipper of Zin the Law-Giver
  2395 | D:5      | Reached * piety under Zin
  2395 | D:5      | Reached ** piety under Zin
  2395 | D:5      | Reached *** piety under Zin
  2461 | D:5      | Reached skill level 1 in Invocations
  2526 | D:5      | Reached skill level 5 in Dodging
  2874 | D:6      | Reached XP level 8. HP: 47/67 MP: 10/10
  2877 | D:6      | Reached skill level 5 in Armour
  2957 | D:6      | Found a hazy altar of Hepliaklqana.
  2989 | D:6      | Found an ornate altar of the Wu Jian Council.
  3229 | D:6      | Found a staircase to the Ecumenical Temple.
  3246 | Temple   | Entered the Ecumenical Temple
  3303 | D:7      | Reached skill level 5 in Fighting
  3355 | D:7      | Reached skill level 5 in Short Blades
  3357 | D:7      | Reached skill level 6 in Armour
  3361 | D:7      | Noticed a steam dragon
  3367 | D:7      | Gained mutation: You passively map the area around you.
                  | [Meteoran growth]
  3367 | D:7      | Reached XP level 9. HP: 39/74 MP: 11/13
  3610 | D:7      | Found a stormy altar of Qazlal.
  3619 | D:7      | Reached skill level 7 in Armour
  4040 | D:8      | Reached **** piety under Zin
  4053 | D:8      | Noticed Maurice
  4081 | D:8      | Killed Maurice
  4082 | D:8      | Reached skill level 5 in Long Blades
  4082 | D:8      | Reached skill level 1 in Throwing
  4082 | D:8      | Reached skill level 5 in Invocations
  4094 | D:8      | Found a blossoming altar of Fedhas.
  4230 | D:8      | Reached XP level 10. HP: 62/82 MP: 15/15
  4252 | D:8      | Found a glowing golden altar of the Shining One.
  4310 | D:8      | Found a flagged portal.
  4354 | Bailey   | Entered a bailey
  4359 | Bailey   | Noticed an orc warlord
  4439 | Bailey   | HP: 3/83 [orc warrior/+0 war axe (7)]
  4440 | Bailey   | Zin protects you from harm!
  4440 | Bailey   | Mangled by an orc warrior

Illustrated notes

Levels and vault maps discovered:
D:1:      spicycebolla_arrival_clurvy, layout_basic, serial_shops,
          nicolae_shop_back_alley_shop
D:2:      layout_basic, serial_forest, infiniplex_forest_straight_4,
          infiniplex_forest_straight_2, infiniplex_forest_corner_1,
          infiniplex_forest_end_2, infiniplex_forest_clump_long,
          infiniplex_forest_end_1, infiniplex_forest_diagonal,
          dreamdust_ecumenical_altar_statues, kennysheep_generic_room_12
D:3:      layout_loops_corners, slow_altar_2, mainiacjoe_overflow_catwalk,
          mainiacjoe_overflow_alcove_1, led_sif_pool,
          grunt_dithmenos_smoke_and_mirrors, minmay_shallow_snake_nest,
          uniq_robin
D:4:      layout_loops_corners, guppyfry_early_lair_pool
D:5:      layout_loops_ring, zin_academy, hangedman_minor_gate_pass
D:6:      layout_loops_ring, mainiacjoe_overflow_small_starburst,
          mainiacjoe_overflow_six_doors_small, minmay_temple_entry_stoned_glass
D:7:      layout_layer_cave, nicolae_overflow_hidden_temple,
          kennysheep_generic_room_10
D:8:      layout_loops_corners, mainiacjoe_overflow_paths,
          lemuel_coloured_pillars_altar, enter_bailey_5, uniq_maurice
Temple:   grunt_temple_mini_profane
Bailey:   bailey_axe_bossmonster_kennysheep, bailey

Skill      XL: |  1  2  3  4  5  6  7  8  9 10 |
---------------+-------------------------------+-----
Long Blades    | 4 5 6 |  6.4
Dodging        | 4 5 |  5.9
Fighting       | 4 5 6 |  6.1
Armour         | 1 2 4 6 7 |  7.7
Evocations     | 1 2 |  2.1
Short Blades   | 1 2 3 5 6 |  6.1
Invocations    | 2 4 5 |  5.9
Throwing       | 1 2 |  2.0
Stealth        | |  0.8

Action                     |  1- 3 |  4- 6 |  7- 9 | 10-12 || total
---------------------------+-------+-------+-------+-------++-------
  Melee: Falchion          |    47 |       |       |       ||    47
         Dagger            |    11 |   198 |   256 |       ||   465
         Long sword        |       |       |    39 |    65 ||   104
         Great sword       |       |       |    16 |       ||    16
  Throw: Dart              |       |       |    13 |       ||    13
 Invoke: Recite            |       |       |     4 |     2 ||     6
         Vitalisation      |       |       |       |     1 ||     1
  Evoke: Wand              |       |     3 |     2 |       ||     5
    Use: Scroll            |       |       |     5 |       ||     5
         Potion            |       |       |       |     2 ||     2
 Armour: Scale mail        |    30 |    73 |     7 |       ||   110
         Chain mail        |       |       |   113 |       ||   113
         Steam dragon scal |       |       |     6 |    15 ||    21
  Dodge: Dodged            |    27 |    82 |   101 |    44 ||   254
